 Dungeon Crawl Stone Soup version 0.23.1 (console) character file.

Game seed: 14471590551899581645

163 fly the Firebug (level 5, -1/45 HPs)
             Began as an Ogre Fire Elementalist on Mar 13, 2019.
             Slain by an adder (4 damage)
             ... on level 3 of the Dungeon.
             The game lasted 00:06:09 (2733 turns).

fly the Firebug (Ogre Fire Elementalist)            Turns: 2733, Time: 00:06:10

Health: -1/45      AC:  5    Str: 12    XL:     5   Next: 44%
Magic:  0/9        EV: 11    Int: 16    God:
Gold:   137        SH:  0    Dex: 12    Spells: 9/10 levels left

rFire    . . .     SeeInvis .   a - +0 falchion
rCold    . . .     Gourm    .   (no shield)
rNeg     . . .     Faith    .   y - +0 robe
rPois    .         Spirit   .   (helmet restricted)
rElec    .         Reflect  .   (no cloak)
rCorr    .         Harm     .   (gloves unavailable)
MR       .....                  (boots unavailable)
Stlth    ++........             (no amulet)
HPRegen  0.15/turn              (no ring)
MPRegen  0.11/turn              (no ring)

@: lethally poisoned (-1 -> -8)
A: large, unfitting armour, molten scales 1, agile 1, tough skin 1
a: no special abilities


You were on level 3 of the Dungeon.
You were not hungry.

You visited 1 branch of the dungeon, and saw 3 of its levels.

You collected 137 gold pieces.

Inventory:

Hand Weapons
 a - a +0 falchion (weapon)
Armour
 y - a +0 robe (worn)
Scrolls
 b - 2 scrolls of amnesia {unknown}
 e - a scroll of blinking {unknown}
 i - 2 scrolls of remove curse {unknown}
 j - a scroll of fog {unknown}
 l - 3 scrolls of identify {unknown}
 m - a scroll of magic mapping {unknown}
Potions
 f - a potion of agility {unknown}
 g - a potion of berserk rage {unknown}
 h - a potion of might {unknown}
 k - 2 potions of curing {unknown}
Comestibles
 c - 7 rations


   Skills:
 - Level 3.0 Dodging
 - Level 1.4 Stealth
 - Level 3.0 Spellcasting
 + Level 3.1 Conjurations
 + Level 3.2 Fire Magic


You had 9 spell levels left.
You knew the following spells:

 Your Spells              Type           Power        Failure   Level  Hunger
z - Flame Tongue          Conj/Fire      ##...        4%          1    #......

Your spell library contained the following spells:

 Spells                   Type           Power        Failure   Level  Hunger
 Throw Flame              Conj/Fire      ##....       8%          2    ##.....
 Conjure Flame            Conj/Fire      ##......     16%         3    ###....
 Inner Flame              Hex/Fire       #.......     28%         3    ###....
 Sticky Flame             Conj/Fire      ##......     45%         4    #####..
 Fireball                 Conj/Fire      ##........   80%         5    ######.


Dungeon Overview and Level Annotations

Branches:
Dungeon (3/15)

Altars:
Gozag
Nemelex Xobeh
Trog


Innate Abilities, Weirdness & Mutations

You are too large for most types of armour.
You have tough skin. (AC +1)
You are partially covered in molten scales. (AC +2)
You are agile. (Dex +2)


Message History

You barely miss the adder.
The adder is heavily wounded.
You feel sick. The adder bites you.
You are more poisoned.
The adder poisons you! The adder closely misses you.
You closely miss the adder.
The adder is heavily wounded.
You feel sick. The adder bites you.
* * * LOW HITPOINT WARNING * * *
You closely miss the adder.
The adder is heavily wounded.
You feel sick. The adder bites you.
* * * LOW HITPOINT WARNING * * *
The adder bites you.
* * * LOW HITPOINT WARNING * * *
It was a potion of mutation.
You feel extremely strange.
Molten scales grow over part of your body.
You feel agile. The adder bites you.
You die...

###....# ##... #........
.......####.##.# #........
.........##.##..#.# #....$...
..............#... #.......$
......##..###.........
#...o.... ......###..#
#..##.#.# #........ ##..###
##.###..##... # #........
##...# #...#...#..# #.###.o.#
###.######...#@#..###$......#
#...# ##..#S#.<.#####.#..#
###.## #.##g#o..###...#..#
#..####.##o..S..o..###....
###..#.......##.....###.####
#...........#####....##.#
#.###+###...## #.......# #.#
#.# #....## ##..#..## ##
#.###.###.##..####..#..###..


You could see an adder, an orc and a hobgoblin.

Vanquished Creatures
  7 adders
  3 oozes
  4 worms
  2 dart slugs (D:2)
  3 leopard geckos
  5 orcs (D:3)
  3 giant cockroaches
  5 goblins
  3 hobgoblins
  5 jackals
  7 kobolds
  A quokka (D:3)
  A ball python (D:2)
  5 bats
  A frilled lizard (D:2)
  11 rats
66 creatures vanquished.

Notes
Turn   | Place    | Note
-------+----------+-------------------------------------------
     0 | D:1      | fly the Ogre Fire Elementalist began the quest for the Orb.
     0 | D:1      | Reached XP level 1. HP: 16/16 MP: 3/3
     5 | D:1      | Reached skill level 1 in Conjurations
    72 | D:1      | Reached XP level 2. HP: 24/24 MP: 0/5
   410 | D:1      | Reached XP level 3. HP: 7/31 MP: 0/7
  1553 | D:2      | Reached XP level 4. HP: 39/39 MP: 5/8
  1911 | D:2      | Found a sparkling altar of Nemelex Xobeh.
  2381 | D:3      | Reached XP level 5. HP: 37/45 MP: 4/9
  2531 | D:3      | Found an opulent altar of Gozag.
  2627 | D:3      | Found a bloodstained altar of Trog.
  2733 | D:3      | Gained mutation: You are partially covered in molten
                  | scales. (AC +2) [potion of mutation]
  2733 | D:3      | Gained mutation: You are agile. (Dex +2) [potion of
                  | mutation]
  2733 | D:3      | Slain by an adder

Skill      XL: |  1  2  3  4  5 |
---------------+----------------+-----
Conjurations   | 1 2 3 |  3.1
Dodging        | 2 3 |  3.0
Fire Magic     | 3 |  3.2
Spellcasting   | 3 |  3.0
Stealth        | |  1.4

Action                   |  1- 3 |  4- 6 || total
-------------------------+-------+-------++-------
Melee: Unarmed           |    41 |    31 ||    72
       Falchion          |       |     4 ||     4
 Cast: Flame Tongue      |    61 |    83 ||   144
  Use: Potion            |       |     1 ||     1
 Stab: Sleeping          |       |     1 ||     1
  Eat: Chunk             |     2 |     4 ||     6
Armor: Robe              |    36 |    18 ||    54
Dodge: Dodged            |    40 |    47 ||    87
       Rpst.: Falchion   |       |     4 ||     4
